 Dungeon Crawl Stone Soup version 0.31-a0-986-g5e6e4ef867 (webtiles) character file.

Game seed: 9897603462120372553

3054 horus123 the Geomancer (level 9, -13/49 HPs)
             Began as a Deep Elf Earth Elementalist on Nov 5, 2023.
             Killed from afar by an oklob plant (25 damage)
             ... with a splash of acid
             ... on level 6 of the Dungeon.
             The game lasted 00:15:36 (6155 turns).

horus123 the Geomancer (DEEE)                       Turns: 6155, Time: 00:15:37

Health: -13/49     AC:  1    Str: 13    XL:     9   Next: 57%
Magic:  2/21       EV: 12    Int: 26    God:
Gold:   313        SH:  0    Dex: 15    Spells: 9/22 levels left

rFire   + . .        (no weapon)
rCold   + + .        (no shield)
rNeg    . . .        z - +2 robe {rC+}
rPois   .            E - +0 helmet
rElec   .            (no cloak)
rCorr   .            (no gloves)
SInv    .            (no boots)
Will    .....        G - amulet "Apuom" {Acrobat rF+ rC+ Will- Int+3}
Stlth   ++           v - +6 ring of strength
HPRegen 0.28/turn    o - ring of flight
MPRegen 0.17/turn

%: acrobat
@: corroded, flying
A: no striking features
a: no special abilities


You were on level 6 of the Dungeon.
You visited 1 branch of the dungeon, and saw 6 of its levels.
You also visited: Sewer and Ossuary.

You collected 313 gold pieces.

Inventory:

Hand Weapons
 l - a +0 falchion
 w - a +0 dagger
Missiles
 u - a throwing net
Armour
 a - a +0 robe
 h - a +1 tower shield of fire resistance
 z - a +2 robe of cold resistance (worn)
 E - a +0 helmet (worn)
Jewellery
 i - a ring of protection from fire
 o - a ring of flight (right hand)
 v - a +6 ring of strength (left hand)
 G - the amulet "Apuom" (around neck) {Acrobat rF+ rC+ Will- Int+3}
   (You found it on level 6 of the Dungeon)

   [amulet of the acrobat]

   Acrobat:   It increases your evasion while moving and waiting.
   Int+3:     It affects your intelligence (+3).
   rF+:       It protects you from fire.
   rC+:       It protects you from cold.
   Will-:     It decreases your willpower.
Wands
 r - a wand of iceblast (8)
 t - a wand of acid (18)
Scrolls
 d - 3 scrolls of brand weapon
 f - 3 scrolls of noise
 g - a scroll of blinking
 n - a scroll of poison
 p - 2 scrolls of revelation
 y - a scroll of immolation
 A - a scroll of teleportation
 H - a scroll of enchant armour
 J - a scroll of butterflies {unknown}
Potions
 b - 2 potions of magic
 c - 2 potions of enlightenment
 e - 7 potions of heal wounds
 j - a potion of degeneration {unknown}
 k - 3 potions of mutation
 m - 2 potions of attraction
 q - 5 potions of might {unknown}
 s - 3 potions of curing {unknown}
 x - 2 potions of haste {unknown}
 C - a potion of berserk rage {unknown}
 D - 2 potions of brilliance {unknown}


   Skills:
 - Level 2.7 Fighting
 - Level 2.4 Dodging
 - Level 2.4 Stealth
 - Level 7.0 Spellcasting
 - Level 6.0 Conjurations
 - Level 4.0 Transmutations
 - Level 7.3 Ice Magic
 + Level 8.6 Earth Magic


You had 9 spell levels left.
You knew the following spells:

 Your Spells              Type           Power      Damage    Failure   Level
a - Sandblast             Erth           100%       2d20      1%          1
b - Stone Arrow           Conj/Erth      94%        3d12      1%          3
c - Hailstorm             Conj/Ice       43%        3d10      1%          3
d - Passwall              Tmut/Erth      34%        N/A       1%          2
e - Petrify               Tmut/Erth      41%        N/A       4%          4

Your spell library contained the following spells:

 Spells                   Type           Power      Damage    Failure   Level
 Momentum Strike          Conj/Tloc      48%        3d9       2%          2
 Brom's Barrelling Bould  Conj/Erth      47%        2d6       3%          4
 Blink                    Tloc           18%        N/A       10%         2
 Lesser Beckoning         Tloc           18%        N/A       10%         2
 Sublimation of Blood     Necr           9%         N/A       10%         2
 Leda's Liquefaction      Hex/Erth       15%        N/A       11%         4
 Bombard                  Conj/Erth      23%        9d4       43%         6
 Orb of Destruction       Conj           20%        9d8       99%         7
 Lehudib's Crystal Spear  Conj/Erth      23%        10d7      100%        8
 Polar Vortex             Ice            23%        12d3*     100%        9


Dungeon Overview and Level Annotations

Branches:
Dungeon (6/15)              Sewer (visited)         Ossuary (visited)
 Temple: D:4-7

Altars:
Ashenzari
Dithmenos
Fedhas
Gozag
Kikubaaqudgha
Nemelex Xobeh
Ru
Trog
Uskayaw
The Shining One

Shops:
D:4 [

Annotations:
D:3 2 transporters, Vomitron's ghost, amateur KoHu
D:6 exclusion: oklob plant


Message History

Aim: an oklob plant (lightly damaged, 100% to hit)
The blast of sand hits the oklob plant but does no damage.
The oklob plant is lightly damaged.
The oklob plant spits acid at you. The splash of acid hits you!!
* * * LOW HITPOINT WARNING * * *
The acid corrodes you!
Unknown command.
You reach down and close the door.
You start resting.
You hear a slurping noise.
The jelly eats the door!
There are monsters nearby!
Aiming: Sandblast (safe; 1% risk of failure)
Press: ? - help, Q - select action, (/) - cycle Shift-Dir - straight line, f - jelly, p - oklob plant
Aim: a jelly (100% to hit)
The blast of sand hits the jelly!!
The jelly is almost dead.
The jelly hits you but does no damage.
Aiming: Sandblast (safe; 1% risk of failure)
Press: ? - help, Q - select action, (/) - cycle Shift-Dir - straight line, f/p - jelly
Aim: a jelly (almost dead, 100% to hit)
The blast of sand hits the jelly!!
You kill the jelly!
The jelly closely misses you.
Aiming: Sandblast (safe; 1% risk of failure)
Press: ? - help, Q - select action, (/) - cycle Shift-Dir - straight line, f - jelly
Aim: a jelly (100% to hit)
The blast of sand hits the jelly!!
You kill the jelly!
Unknown command.
Aiming: Sandblast (safe; 1% risk of failure)
Press: ? - help, Q - select action, (/) - cycle Shift-Dir - straight line, f - endoplasm
Aim: an endoplasm (99% to hit)
The blast of sand hits the endoplasm!!
You kill the endoplasm!
The oklob plant spits acid at you. The splash of acid hits you!!
Ouch! That really hurt!
You die...

## .### ##
...##.## .......#
......## .......#
### .##....#
##.P.## ##.##...#
####.).....
.......##
#.@....P...
......##
###.##.......
.##.#### ####...#
##...##
..#.#..###....###
###
...........####
..##..#...##
..........#
.##......##
.##..#####


You could see an oklob plant.

Vanquished Creatures
  A two-headed ogre (D:5)
  3 ogres
  The ghost of XomNomNom the Trooper, an amateur DrMo (D:4)
  2 ice beasts (D:6)
  A sky beast (D:6)
  2 phantoms
  A kobold brigand (Sewer)
  2 elf zombies (D:5)
  2 bullfrogs (D:6)
  3 scorpions
  A water moccasin zombie (Ossuary)
  2 human zombies (D:5)
  5 hounds
  3 orc priests
  7 jellies (D:6)
  A sleepcap (D:6)
  3 iguanas
  Jessica (D:3)
  A human skeleton (D:5)
  Ijyb (D:4)
  3 orc wizards
  2 mummies (Ossuary)
  8 adders
  6 gnolls
  6 river rats (Sewer)
  A white imp (D:5)
  5 adder zombies (Ossuary)
  4 worms
  2 dart slugs
  18 orcs
  9 bats
  25 endoplasms
  3 giant cockroaches
  5 goblins
  7 hobgoblins
  10 jackals
  2 quokkas
  4 ball pythons
  10 frilled lizards
  3 gnoll zombies (Ossuary)
  6 hobgoblin zombies (Ossuary)
  9 kobolds
  5 kobold zombies (Ossuary)
  An orc skeleton (D:5)
  7 orc zombies (Ossuary)
  11 rats
215 creatures vanquished.

Notes
Turn   | Place    | Note
-------+----------+-------------------------------------------
     0 | D:1      | horus123 the Deep Elf Earth Elementalist began the quest
                  | for the Orb.
     0 | D:1      | Reached XP level 1. HP: 10/10 MP: 6/6
   118 | D:1      | Reached XP level 2. HP: 15/15 MP: 6/9
   324 | D:1      | Reached skill level 4 in Earth Magic
   327 | D:1      | Reached XP level 3. HP: 19/19 MP: 4/10
   333 | D:1      | Learned a level 3 spell: Stone Arrow
   933 | D:1      | Got the Folio of the Bewitching Blizzard
   938 | D:1      | Learned a level 3 spell: Hailstorm
  1338 | D:2      | You fall into a shaft and drop 1 floor!
  1338 | D:3      | Found a transporter.
  1340 | D:3      | Noticed Vomitron's ghost (amateur KoHu)
  1357 | D:3      | Reached XP level 4. HP: 24/24 MP: 9/12
  1360 | D:3      | Reached skill level 5 in Earth Magic
  1375 | D:3      | Found a transporter.
  1615 | D:2      | Found an ancient bone altar of Kikubaaqudgha.
  2029 | D:3      | Found a bloodstained altar of Trog.
  2092 | D:3      | Found a blossoming altar of Fedhas.
  2100 | D:3      | Found a sparkling altar of Nemelex Xobeh.
  2104 | D:3      | Found a hide-covered altar of Uskayaw.
  2112 | D:3      | Found a sacrificial altar of Ru.
  2117 | D:3      | Found a glowing golden altar of the Shining One.
  2131 | D:3      | Found an opulent altar of Gozag.
  2144 | D:3      | Found a broken altar of Ashenzari.
  2286 | D:3      | Noticed Jessica
  2293 | D:3      | Killed Jessica
  2294 | D:3      | Reached skill level 6 in Earth Magic
  2294 | D:3      | Reached XP level 5. HP: 3/28 MP: 6/13
  2751 | D:4      | Reached skill level 1 in Conjurations
  2758 | D:4      | Found a runed translucent door.
  2764 | D:4      | Found a shadowy altar of Dithmenos.
  2831 | D:4      | Found Vitsul's Armour Emporium.
  2857 | D:4      | Noticed Ijyb
  2865 | D:4      | Killed Ijyb
  2967 | D:4      | Reached XP level 6. HP: 22/32 MP: 7/14
  3054 | D:4      | Noticed XomNomNom's ghost (amateur DrMo)
  3410 | D:4      | Killed XomNomNom's ghost
  3411 | D:4      | Reached skill level 5 in Conjurations
  3477 | D:5      | Entered Level 5 of the Dungeon
  3570 | D:5      | Noticed a two-headed ogre
  3583 | D:5      | Killed a two-headed ogre
  3584 | D:5      | Reached skill level 5 in Ice Magic
  3584 | D:5      | Reached XP level 7. HP: 14/36 MP: 1/15
  3584 | D:5      | Reached XP level 8. HP: 16/41 MP: 1/16
  3785 | D:5      | Found a sand-covered staircase.
  3793 | Ossuary  | Entered an ossuary
  3864 | Ossuary  | Learned a level 2 spell: Passwall
  4081 | Ossuary  | Reached skill level 7 in Earth Magic
  4575 | D:5      | Reached skill level 8 in Earth Magic
  4580 | D:5      | Learned a level 4 spell: Petrify
  5024 | D:6      | Reached XP level 9. HP: 45/45 MP: 12/17
  5153 | D:6      | Reached skill level 5 in Spellcasting
  5297 | D:6      | Reached skill level 1 in Fighting
  5390 | D:6      | Found a glowing drain.
  5424 | D:6      | Identified the amulet "Apuom" {Acrobat rF+ rC+ Will- Int+3}
  5435 | Sewer    | Entered a sewer
  6024 | Sewer    | Identified a scroll of acquirement
  6025 | Sewer    | Identified the "Zur Punt" (You acquired it in a sewer)
  6025 | Sewer    | Acquired Ereshkigal's Octavo of Morbid Power
  6133 | D:6      | Noticed an oklob plant
  6155 | D:6      | Killed from afar by an oklob plant

Illustrated notes

Levels and vault maps discovered:
D:1:      spicycebolla_arrival_clurvy, layout_basic
D:2:      minmay_angry_zag, layout_basic, basic_altar
D:3:      layout_rooms, mainiacjoe_overflow_small_starburst,
          grunt_temple_overflow_octagram, serial_glass, glass_columns_c,
          glass_columns_a, gammafunk_ghost_mausoleum, uniq_jessica
D:4:      layout_cave_pools, grunt_dithmenos_smoke, serial_shops, shop,
          ebering_ghost_inner_flame, uniq_ijyb
D:5:      layout_loops_ring, nicolae_ossuary_entry_catacombs, minmay_bent
D:6:      lemuel_slime, layout_cave_pools, cheibrodos_sewer_entry_drain,
          serial_shops, nicolae_shop_rolled_up,
          amcnicky_mini_rare_corridor_liquid

Skill      XL: |  1  2  3  4  5  6  7  8  9 |
---------------+----------------------------+-----
Spellcasting   | 4 7 |  7.0
Earth Magic    | 4 6 8 |  8.6
Conjurations   | 3 6 |  6.0
Ice Magic      | 5 7 |  7.3
Transmutations | 3 4 |  4.0
Fighting       | 2 |  2.7
Dodging        | |  2.4
Stealth        | |  2.4

Action                     |  1- 3 |  4- 6 |  7- 9 || total
---------------------------+-------+-------+-------++-------
   Cast: Sandblast         |    52 |   104 |   169 ||   325
         Stone Arrow       |       |     3 |     3 ||     6
         Hailstorm         |       |       |     7 ||     7
    Use: Scroll            |     2 |     9 |     6 ||    17
         Potion            |       |       |     1 ||     1
 Armour: Robe              |     4 |    25 |    42 ||    71
  Dodge: Dodged            |     9 |    35 |    32 ||    76

Table legend: (Time is in decaauts)
 A = Elapsed time spent in this place.
 B = Non-inter-level travel time spent in this place.
 C = Inter-level travel time spent in this place.
 D = Time resting spent in this place.
 E = Time spent auto-exploring this place.
 F = Levels seen in this place.
 G = Mean time per level.
                   A        B        C        D        E       F      G
               +--------+--------+--------+--------+--------+-----+--------+
         Total |   6312 |   6145 |    167 |    224 |   4696 |   8 |  789.0 |
       Dungeon |   5254 |   5087 |    167 |    159 |   3921 |   6 |  875.7 |
         Sewer |    611 |    611 |      0 |      0 |    493 |   1 |  611.0 |
       Ossuary |    447 |    447 |      0 |     65 |    282 |   1 |  447.0 |
               +--------+--------+--------+--------+--------+-----+--------+

Top non-repeatable levels by time:
     D:5: 1141 daAuts
     D:1: 1129 daAuts
     D:2: 1022 daAuts
     D:4: 778 daAuts
     D:3: 617 daAuts
   Sewer: 611 daAuts
     D:6: 566 daAuts
 Ossuary: 447 daAuts
